 Dungeon Crawl Stone Soup version 0.26.0-7-g794d0892b4 (webtiles) character file.

Game seed: 9299290697024926669

28420 Acheron the Cleaver (level 13, -6/86 HPs)
             Began as a Demonspawn Gladiator on Jan 11, 2021.
             Was a High Priest of Hepliaklqana.
             Mangled by a catoblepas (9 damage)
             ... while petrified by a catoblepas
             ... on level 12 of the Dungeon.
             The game lasted 01:54:51 (17495 turns).

Acheron the Cleaver (Demonspawn Gladiator)         Turns: 17495, Time: 01:54:52

Health: -6/86      AC: 18    Str: 16    XL:     13   Next: 9%
Magic:  21/21      EV:  2    Int: 13    God:    Hepliaklqana [*****.]
Gold:   750        SH:  0    Dex: 15    Spells: 19/23 levels left

rFire    . . .     SeeInvis +   w - +1 war axe (flame)
rCold    + . .     Faith    .   X - +3 buckler
rNeg     + + +     Spirit   .   R - +3 acid dragon scales
rPois    ∞         Reflect  +   (helmet restricted)
rElec    .         Harm     .   (no cloak)
rCorr    +         Rampage  .   i - +0 pair of gloves
Will     .....                  t - +2 pair of boots
Stlth    +++.......             E - amulet of reflection
HPRegen  0.24/turn              Y - ring of poison resistance
MPRegen  0.17/turn              I - ring of see invisible

@: petrified
A: reduced essence, antennae 1, icy blue scales 2, cold resistance 1, powered by
death 2, freezing cloud immunity
a: Renounce Religion, Recall Ancestor, Ancestor Identity, Transference, Idealise


You were on level 12 of the Dungeon.
You worshipped Hepliaklqana.
Hepliaklqana was extremely pleased with you.
You visited 4 branches of the dungeon, and saw 21 of its levels.

You collected 921 gold pieces.
You spent 171 gold pieces at shops.

Inventory:

Hand Weapons
 m - a +3 vorpal trident
 p - a +0 rapier
 u - a +0 dagger of electrocution
 w - a +1 war axe of flaming (weapon)
Missiles
 d - 4 throwing nets
 e - 113 stones
 l - 24 sling bullets
 r - 12 poisoned darts
 v - 17 javelins (quivered)
 L - 3 boomerangs
Armour
 i - a +0 pair of gloves (worn)
 t - a +2 pair of boots (worn)
 z - a +3 ring mail
 R - +3 acid dragon scales (worn)
 X - a +3 buckler (worn)
Jewellery
 b - an uncursed ring of protection from cold
 g - an uncursed ring of protection from fire
 o - a +4 ring of evasion
 B - an uncursed ring of protection from fire
 E - an amulet of reflection (around neck)
 F - an uncursed amulet of regeneration
 I - a ring of see invisible (right hand)
 P - an uncursed ring of ice
 Q - an uncursed amulet of magic regeneration
 Y - a ring of poison resistance (left hand)
Wands
 c - a wand of acid (7)
 k - a wand of enslavement (16)
 n - a wand of polymorph (16)
 q - a wand of disintegration (33)
 D - a wand of flame (45)
 M - a wand of paralysis (13)
 U - a wand of iceblast (27)
Scrolls
 f - 4 scrolls of fear
 h - 10 scrolls of remove curse
 s - 3 scrolls of magic mapping
 y - 2 scrolls of fog
 N - a scroll of amnesia
 O - a scroll of identify
Potions
 a - 5 potions of brilliance
 j - a potion of haste
 x - 2 potions of magic
 A - a potion of mutation
 C - 3 potions of lignification
 G - a potion of might
 H - 3 potions of curing
 K - 2 potions of resistance {unknown}
 S - 3 potions of cancellation
Miscellaneous
 J - a tin of tremorstones (2/2)


   Skills:
 * Level 7.1 Fighting
 * Level 10.6 Axes
 + Level 0.1(6.6) Polearms
 * Level 6.2 Throwing
 * Level 6.2 Armour
 * Level 6.6 Dodging
 * Level 6.4 Stealth
 * Level 6.1 Shields
 * Level 5.6 Spellcasting
 * Level 2.6 Hexes
 * Level 7.3 Invocations
 * Level 5.8 Evocations


You had 19 spell levels left.
You knew the following spells:

 Your Spells              Type           Power        Failure   Level
a - Magic Dart            Conj           12%          22%         1
b - Blink                 Tloc           N/A          34%         2
c - Corona                Hex            11%          8%          1

Your spell library contained the following spells:

 Spells                   Type           Power        Failure   Level
 Slow                     Hex            10%          12%         2
 Sandblast                Erth           6%           22%         1
 Shock                    Conj/Air       12%          22%         1
 Call Imp                 Summ           3%           34%         2
 Passwall                 Tmut/Erth      2%           34%         2
 Swiftness                Air            3%           34%         2
 Inner Flame              Hex/Fire       7%           36%         3
 Portal Projectile        Hex/Tloc       14%          36%         3
 Conjure Flame            Conj/Fire      3%           56%         3
 Mephitic Cloud           Conj/Pois/Air  3%           56%         3
 Static Discharge         Conj/Air       3%           56%         3
 Stone Arrow              Conj/Erth      6%           56%         3
 Cause Fear               Hex            5%           58%         4
 Leda's Liquefaction      Hex/Erth       3%           78%         4
 Airstrike                Air            1%           92%         4
 Petrify                  Tmut/Erth      3%           92%         4
 Lee's Rapid Deconstruct  Erth           1%           99%         5
 Lightning Bolt           Conj/Air       1%           99%         5


Dungeon Overview and Level Annotations

Branches:
Dungeon (13/15)            Temple (1/1) D:7            Lair (6/6) D:9
  Swamp (1/4) Lair:4        Snake (0/4) Lair:4          Orc (0/2) D:12
 Vaults (0/5) D:13
  Slime: Lair:5-6

Altars:
Ashenzari
Cheibriados
Dithmenos
Elyvilon
Fedhas
Gozag
Hepliaklqana
Kikubaaqudgha
Makhleb
Nemelex Xobeh
Okawaru
Qazlal
Ru
Sif Muna
Trog
Uskayaw
Vehumet
Wu Jian
Xom
Yredelemnul
Zin
The Shining One

Shops:
D:10 =*!!(   D:13 (

Portals:
Abyss: D:6

Annotations:
D:6 2 transporters, exclusion: downstairs, Gauvater's ghost, novice KoHu
D:10 exclusion: downstairs
Lair:1 1 runed translucent door, exclusion: 2 downstairs, OneTabMan's ghost, journeyman GnWn
Lair:5 exclusion: downstairs


Innate Abilities, Weirdness & Mutations

You have a pair of small antennae on your head.
You are mostly covered in icy blue scales. (AC +3)
Your flesh is cold resistant. (rC+)
You regenerate health from kills.
You are immune to freezing clouds.
Your life essence is reduced to manifest your ancestor. (-10% HP)


Message History

You are engulfed in calcifying dust.
You are slowing down.
You are engulfed in calcifying dust.
Your limbs are stiffening.
You are engulfed in calcifying dust.
The catoblepas gores you!!
You have turned to stone.
The orc is engulfed in calcifying dust.
The orc is moving more slowly.
The catoblepas gores you!!
* * * LOW HITPOINT WARNING * * *
The catoblepas gores you!
* * * LOW HITPOINT WARNING * * *
The catoblepas gores you!
* * * LOW HITPOINT WARNING * * *
The catoblepas gores you!!
* * * LOW HITPOINT WARNING * * *
The catoblepas breathes a plume of calcifying dust at you.
The blast of calcifying dust hits you but does no damage.
You are engulfed in calcifying dust.
The orc stops moving altogether!
The catoblepas gores you but does no damage.
You are engulfed in calcifying dust.
The catoblepas gores you!!
You die...

#####.....####.........#
#.##....'..........#####
#.##.####....o.....#
#.##.# #......>...##
#.##.# #...........#
#.##.# ########'##.#
#.##.#### #o##.#
#.#....?# #Y##.#
#†#####.# #@##.# #.# #.#
#§##.# #.# #.# #§.^.#
#)# #.# ###### #.# #.#
#.# #.# #.#####.#
#.......# #########


You could see a catoblepas and an orc (petrified).

Vanquished Creatures
  A vault guard (D:13)
  A hydra (Lair:4)
  3 elephants
  A centaur zombie (D:12)
  7 cane toads
  A gargoyle (D:13)
  4 rime drakes
  4 komodo dragons
  2 trolls
  A polar bear (Lair:4)
  A blink frog (Lair:4)
  24 yaks
  A wyvern (D:9)
  A wraith (D:12)
  3 basilisks
  An acid dragon (D:11)
  6 water moccasins
  A hornet zombie (D:9)
  4 orc warriors
  2 ogres
  2 centaurs
  12 wolves
  4 big kobolds
  5 bullfrogs
  A gnoll sergeant (D:10)
  A scorpion (D:9)
  2 howler monkeys (D:11)
  A wight (D:6)
  3 hounds
  3 bullfrog zombies
  A centaur skeleton (D:4)
  3 jellies
  4 orc wizards
  2 iguanas
  11 worker ants
  4 hell rats (Lair:2)
  2 killer bee zombies (D:5)
  4 gnolls
  7 adders
  3 river rats (Lair:2)
  A shadow imp (D:9)
  3 white imps
  An ufetubus (D:10)
  3 oozes
  2 adder skeletons
  3 worms
  3 dart slugs
  4 leopard geckos
  26 orcs
  8 bats
  6 giant cockroaches
  6 goblins (D:1)
  5 hobgoblins
  5 jackals
  8 quokkas
  3 frilled lizards
  19 kobolds
  8 rats
258 creatures vanquished.

Vanquished Creatures (collateral kills)
  Fannar (D:12)
  A hydra (Lair:5)
  A two-headed ogre (D:12)
  2 centaur warriors (D:13)
  An unseen horror (D:12)
  A necromancer (Lair:5)
  A manticore (D:11)
  An ugly thing (D:11)
  Joseph (D:9)
  3 elephants (Lair:4)
  Psyche (D:12)
  A cane toad (Lair:4)
  A rime drake (Lair:2)
  3 komodo dragons
  A polar bear (Lair:4)
  4 blink frogs
  2 basilisks
  A wraith (D:11)
  A wyvern (Lair:1)
  7 yaks
  2 water moccasins (Lair:3)
  An ogre (D:10)
  2 black bears
  A centaur (D:12)
  A wolf (Lair:3)
  A big kobold (D:13)
  6 bullfrogs
  3 scorpions
  A killer bee (D:13)
  A howler monkey (D:11)
  A jelly (D:10)
  A bullfrog skeleton (D:9)
  2 orc wizards
  A polar bear simulacrum (Lair:5)
  A hell rat (Lair:2)
  A worker ant (Lair:1)
  A wolf simulacrum (Lair:5)
  A worker ant zombie (D:11)
  3 gnolls
  An adder (D:8)
  2 river rats (Lair:2)
  A leopard gecko (D:9)
  6 orcs
  9 kobolds
  A quokka (D:9)
  A rat (Lair:2)
87 creatures vanquished.

Vanquished Creatures (others)
  7 knights
  6 ancestors
  A kobold (D:12)
  28 fungi
  36 plants
  3 toadstools (D:8)
81 creatures vanquished.

Grand Total: 426 creatures vanquished

Notes
Turn   | Place    | Note
-------+----------+-------------------------------------------
     0 | D:1      | Acheron the Demonspawn Gladiator began the quest for the
                  | Orb.
     0 | D:1      | Reached XP level 1. HP: 16/16 MP: 1/1
   242 | D:1      | Gained mutation: You are partially covered in icy blue
                  | scales. (AC +2) [demonic ancestry]
   242 | D:1      | Reached XP level 2. HP: 21/22 MP: 2/2
   501 | D:1      | Reached skill level 3 in Axes
   626 | D:1      | Gained mutation: You have a pair of small antennae on your
                  | head. [demonic ancestry]
   626 | D:1      | Reached XP level 3. HP: 23/28 MP: 3/3
  1140 | D:3      | Reached XP level 4. HP: 13/34 MP: 4/4
  1365 | D:3      | Reached skill level 1 in Stealth
  1728 | D:3      | Reached skill level 1 in Armour
  1833 | D:4      | Noticed a phantom
  2059 | D:3      | Reached XP level 5. HP: 40/40 MP: 6/6
  2486 | D:5      | Entered Level 5 of the Dungeon
  2507 | D:5      | Reached skill level 1 in Spellcasting
  3171 | D:5      | HP: 1/40 [killer bee zombie (4)]
  3553 | D:5      | Reached XP level 6. HP: 38/47 MP: 7/7
  3644 | D:5      | Noticed an ice beast
  3702 | D:6      | Noticed an orc warrior
  3724 | D:6      | Found a one-way gate to the infinite horrors of the Abyss.
  3724 | D:6      | Noticed Gauvater's ghost (novice KoHu)
  3750 | D:6      | Found a transporter.
  3855 | D:6      | Reached skill level 4 in Axes
  4249 | D:5      | Gained mutation: You are mostly covered in icy blue scales.
                  | (AC +3) [demonic ancestry]
  4249 | D:5      | Reached XP level 7. HP: 48/52 MP: 9/9
  4492 | D:7      | Found a staircase to the Ecumenical Temple.
  4520 | D:6      | Found a blossoming altar of Fedhas.
  4710 | D:6      | Found a sparkling altar of Nemelex Xobeh.
  4956 | Temple   | Entered the Ecumenical Temple
  5125 | Temple   | Became a worshipper of Hepliaklqana the Forgotten
  5211 | D:6      | Found a transporter.
  5355 | D:7      | Reached skill level 1 in Evocations
  5496 | D:9      | Reached skill level 5 in Axes
  5729 | D:9      | Gained mutation: You regenerate a little health from kills.
                  | [demonic ancestry]
  5729 | D:9      | Reached XP level 8. HP: 54/54 MP: 11/11
  5845 | D:9      | Noticed a troll
  5864 | D:9      | Killed a troll
  5865 | D:9      | Reached skill level 1 in Invocations
  5984 | D:9      | Reached * piety under Hepliaklqana
  6225 | D:8      | Noticed a two-headed ogre
  6320 | D:9      | Reached skill level 1 in Shields
  6509 | D:9      | Noticed Joseph
  6528 | D:10     | Entered Level 10 of the Dungeon
  6663 | D:10     | Found Teditt's Distillery.
  6664 | D:10     | Found Odilijeu's General Store.
  6672 | D:10     | Bought a scroll of identify for 22 gold pieces
  6672 | D:10     | Bought a scroll of magic mapping for 38 gold pieces
  6672 | D:10     | Bought a scroll of teleportation for 33 gold pieces
  6687 | D:10     | Bought a potion of might for 56 gold pieces
  6713 | D:11     | Noticed a manticore
  6730 | D:10     | Reached skill level 6 in Axes
  6759 | D:10     | Found Xoarril's Jewellery Shop.
  6767 | D:10     | Bought a cursed -4 ring of intelligence for 22 gold pieces
  6816 | D:10     | Gained mutation: Your flesh is cold resistant. (rC+)
                  | [demonic ancestry]
  6816 | D:10     | Reached XP level 9. HP: 58/58 MP: 13/13
  7022 | D:10     | Found Qevoll's Distillery.
  7023 | D:10     | Noticed a troll
  7111 | D:10     | Reached ** piety under Hepliaklqana
  7291 | D:9      | Killed Joseph
  7328 | D:9      | Found a staircase to the Lair.
  7409 | D:9      | Remembered your ancestor Aventurio as a knight
  7590 | Lair:1   | Entered Level 1 of the Lair of Beasts
  7596 | Lair:1   | Reached skill level 7 in Axes
  7610 | Lair:1   | Noticed a cane toad
  7674 | Lair:1   | Noticed a komodo dragon
  7682 | Lair:1   | Killed a komodo dragon
  7849 | Lair:1   | Reached XP level 10. HP: 65/65 MP: 15/15
  7977 | Lair:1   | Reached skill level 5 in Fighting
  7984 | Lair:1   | Reached skill level 5 in Dodging
  8011 | Lair:1   | Found a runed translucent door.
  8014 | Lair:1   | Noticed OneTabMan's ghost (journeyman GnWn)
  8088 | Lair:1   | Learned a level 1 spell: Corona
  8133 | Lair:1   | Reached *** piety under Hepliaklqana
  8232 | Lair:2   | Reached skill level 8 in Axes
  8700 | Lair:2   | Noticed a four-headed hydra
  9055 | Lair:3   | Noticed a cane toad
  9294 | Lair:4   | Noticed a cane toad
  9298 | Lair:4   | Killed a cane toad
  9349 | Lair:6   | Entered Level 6 of the Lair of Beasts
  9349 | Lair:6   | Noticed a cane toad
  9349 | Lair:6   | Noticed a catoblepas
  9408 | Lair:5   | Reached **** piety under Hepliaklqana
  9583 | Lair:5   | Noticed a six-headed hydra
  9594 | Lair:5   | Killed a six-headed hydra
  9595 | Lair:5   | Reached skill level 5 in Armour
  9595 | Lair:5   | Reached skill level 5 in Invocations
  9595 | Lair:5   | Reached XP level 11. HP: 56/72 MP: 17/17
  9796 | Lair:4   | Noticed an eight-headed hydra
  9818 | Lair:5   | Reached skill level 5 in Stealth
  9973 | Lair:5   | Reached skill level 5 in Throwing
 10079 | Lair:4   | Found a staircase to the Swamp.
 10192 | Lair:4   | Found a staircase to the Snake Pit.
 10761 | Lair:5   | Reached skill level 9 in Axes
 12247 | Lair:2   | HP: 3/74 [elephant (16)]
 12721 | Lair:1   | Reached skill level 5 in Evocations
 12721 | Lair:1   | Gained mutation: You are immune to freezing clouds.
                  | [demonic ancestry]
 12721 | Lair:1   | Reached XP level 12. HP: 32/80 MP: 19/19
 12723 | Lair:1   | HP: 3/80 [poisoned by a cane toad]
 13212 | Lair:2   | Reached skill level 5 in Shields
 13244 | Lair:2   | Reached skill level 5 in Spellcasting
 13724 | Lair:5   | Reached skill level 1 in Hexes
 13826 | Lair:6   | Noticed a five-headed hydra
 14022 | Swamp:1  | Entered Level 1 of the Swamp
 14120 | Lair:4   | Killed an eight-headed hydra
 14457 | Lair:2   | Reached skill level 10 in Axes
 15005 | D:10     | Found Diba's Antique Weapon Shoppe.
 15303 | D:11     | Reached ***** piety under Hepliaklqana
 15626 | D:12     | Noticed a two-headed ogre
 15646 | D:12     | Killed a two-headed ogre
 15889 | D:12     | Noticed Psyche
 15904 | D:12     | Killed Psyche
 15944 | D:12     | Found a staircase to the Orcish Mines.
 16622 | D:13     | Found Noager's Weapon Boutique.
 16726 | D:13     | Found a gate to the Vaults.
 16726 | D:13     | Noticed a vault guard
 16748 | D:13     | Killed a vault guard
 16821 | D:13     | Noticed a seven-headed hydra
 16949 | D:12     | Noticed Fannar
 16976 | D:12     | Killed Fannar
 16977 | D:12     | Gained mutation: You regenerate health from kills. [demonic
                  | ancestry]
 16977 | D:12     | Reached XP level 13. HP: 35/86 MP: 21/21
 17380 | D:13     | Learned a level 1 spell: Magic Dart
 17383 | D:13     | Learned a level 2 spell: Blink
 17492 | D:12     | HP: 2/86 [catoblepas (11)]
 17495 | D:12     | Mangled by a catoblepas

Illustrated notes

Levels and vault maps discovered:
D:1:      onia_arrival_handbag, layout_basic
D:2:      layout_loops_cross
D:3:      layout_loops_corners, kennysheep_nondescript
D:4:      layout_cave_pools
D:5:      layout_basic, interstate_on_off
D:6:      layout_basic, fedhas_ov_isle_minmay, gammafunk_ghost_abyssal_escape,
          nemelex_spade_bored_becter
D:7:      layout_basic, minmay_temple_entry_glass, chequers_arboretum
D:8:      layout_basic, basic_altar, serial_shops, shop,
          minmay_gold_behind_fungi, st_stairs_6
D:9:      layout_stronghold, grunt_lair_entry_orc_guard_hut,
          corexii_corridor_pit, uniq_joseph
D:10:     layout_irregular_city, serial_shops, shop_fountains, shop, shop,
          nicolae_shop_waterfront, nicolae_shop_behind_doors,
          gammafunk_ghost_necromancy
D:11:     layout_small_grid
D:12:     layout_basic, david_orc_2, uniq_psyche, uniq_fannar
D:13:     layout_long_grid, david_vaults_5, gauntlet_entry_generic,
          serial_shops, nicolae_shop_temple_entry_statues_fountains,
          minivault_14, hangedman_fish_farm
Temple:   kilobyte_greek_temple
Lair:1:   layout_gridlike, ebering_ghost_reflecting_pool, zaba_anthole,
          serial_bayou_ford_a
Lair:2:   layout_roguey, st_stairs_13, kennysheep_abandoned_house
Lair:3:   layout_hall_layers, serial_rivers, chequers_serial_rivers_micro_a,
          chequers_serial_rivers_micro_c, chequers_serial_rivers_micro_a,
          chequers_serial_rivers_small_a, chequers_serial_rivers_small_a,
          lemuel_fruit_fields, infiniplex_staircase_pool_2
Lair:4:   layout_hall_layers, swamp_mist, dummy_snake_entry,
          portal_ice_cave_rime, st_stairs_7
Lair:5:   layout_regular_city, eino_house_with_fridge
Lair:6:   minmay_lair_end_frog_pond, layout_gridlike,
          dpeg_slime_entry_enclosed_altar, lemuel_fruit_fields
Swamp:1:  layout_basic_swamp, nicolae_swamp_fairy_circle

Skill      XL: |  1  2  3  4  5  6  7  8  9 10 11 12 |
---------------+-------------------------------------+-----
Dodging        | 3 4 5 6 |  6.6
Axes           | 3 4 5 6 7 8 9 10 | 10.6
Throwing       | 2 3 4 5 6 |  6.2
Stealth        | 1 2 3 4 5 6 |  6.4
Armour         | 1 2 3 4 5 6 |  6.2
Spellcasting   | 1 2 3 4 5 |  5.6
Fighting       | 3 4 5 6 7 |  7.1
Evocations     | 1 2 3 4 5 |  5.8
Invocations    | 2 3 5 6 7 |  7.3
Shields        | 2 3 4 6 |  6.1
Hexes          | 2 |  2.6
Polearms       | |  0.1

Action                   |  1- 3 |  4- 6 |  7- 9 | 10-12 | 13-15 || total
-------------------------+-------+-------+-------+-------+-------++-------
Melee: War axe           |   144 |   213 |   284 |   778 |    44 ||  1463
       Spear             |       |       |       |    17 |       ||    17
Throw: Javelin           |       |     4 |     5 |    14 |       ||    23
Invok: Ancestor Identity |       |       |     1 |       |       ||     1
       Ancestor Life: Kn |       |       |     1 |       |       ||     1
       Recall Ancestor   |       |       |       |     2 |       ||     2
Evoke: Wand              |       |     1 |     2 |     8 |     2 ||    13
  Use: Scroll            |       |       |    16 |    17 |     3 ||    36
       Potion            |       |       |     1 |     6 |       ||     7
 Stab: Sleeping          |     2 |     1 |     3 |    12 |       ||    18
       Distracted        |       |       |     3 |     5 |     2 ||    10
       Paralysed         |       |       |       |     7 |       ||     7
Armor: Leather armour    |    48 |       |       |       |       ||    48
       Ring mail         |       |    79 |   108 |   214 |     7 ||   408
       Acid dragon scale |       |       |       |       |    16 ||    16
Dodge: Dodged            |   125 |   182 |   240 |   507 |    27 ||  1081
Block: Buckler           |       |       |   109 |   521 |    24 ||   654
       Reflection        |       |       |     4 |    10 |     2 ||    16
